 Dungeon Crawl Stone Soup version 0.28-a0-556-gab23d0e057 (webtiles) character file.

Game seed: 9215160736962923095

216630 SkeletonJelly the Phalangite (level 19, -12/169 HPs)
             Began as a Merfolk Chaos Knight on Sept 29, 2021.
             Was a Plaything of Xom.
             Mangled by a nagaraja (21 damage)
             ... on level 4 of the Snake Pit.
             The game lasted 01:28:09 (39905 turns).

SkeletonJelly the Phalangite (MfCK)                Turns: 39905, Time: 01:28:09

Health: -12/169    AC: 21    Str: 30 (31) XL:     19   Next: 6%
Magic:  28/28      EV: 24    Int: 10      God:    Xom [*.....]
Gold:   4987       SH:  9    Dex: 20      Spells: 17/18 levels left

rFire   . . .      SeeInvis +   r - +8 bardiche "Homiq" {spect, Fly MP+9 Dex+4 Stlth-}
rCold   . . .      Faith    .   (shield currently unavailable)
rNeg    . . .      Spirit   .   p - +3 scale mail {rPois}
rPois   +          Reflect  +   U - +2 helmet {SInv}
rElec   .          Harm     .   w - +1 cloak
rCorr   .          Rampage  .   e - +0 pair of gloves
Will    +....                   l - +1 pair of boots
Stlth   ..........              y - amulet of reflection
HPRegen 0.38/turn               C - +6 ring of strength
MPRegen 0.21/turn               t - +6 ring of strength

@: lethally poisoned (-12 -> -15), flying, slowed, very slow
A: (nimble swimmer 2), mertail, large bone plates 1, camouflage 1, agile 1,
dopey 1, sense surroundings 1, MP-powered wands
}: 1/15 runes: decaying
a: Renounce Religion


You were on level 4 of the Snake Pit.
You worshipped Xom.
You were a special plaything of Xom.
You visited 5 branches of the dungeon, and saw 31 of its levels.
You visited the Abyss 1 time.
You also visited: Bailey and Gauntlet.

You collected 5185 gold pieces.
You spent 198 gold pieces at shops.

Inventory:

Hand Weapons
 a - a +5 spear of chaos
 n - the +6 arbalest of Patterns {elec, rElec rC++}
   (You found it on level 6 of the Lair of Beasts)

   Any ammunition fired from it occasionally discharges a powerful burst of
   electricity upon striking a foe.
   rC:        It greatly protects you from cold.
   rElec:     It insulates you from electricity.
 r - the +8 bardiche "Homiq" (weapon) {spect, Fly MP+9 Dex+4 Stlth-}
   (You acquired it on level 3 of the Lair of Beasts)

   When its wielder attacks, the weapon's spirit leaps out and strikes again.
   The spirit shares a part of any damage it takes with its wielder.
   Dex:       It affects your dexterity (+4).
   MP:        It affects your magic capacity (+9).
   Fly:       It grants you flight.
   Stlth:     It makes you less stealthy.
Missiles
 x - 8 throwing nets
 D - 7 curare-tipped darts (quivered)
 V - 4 silver javelins
Armour
 e - a +0 pair of gloves (worn)
 l - a +1 pair of boots (worn)
 p - a +3 scale mail of poison resistance (worn)
 w - a +1 cloak (worn)
 U - a +2 helmet of see invisible (worn)
Jewellery
 i - a ring of ice
 m - a ring of flight
 t - a +6 ring of strength (right hand)
 y - an amulet of reflection (around neck)
 C - a +6 ring of strength (left hand)
 F - the amulet "Pirotam" {rPois rF+ rC- Will+++ Regen+}
   (You found it in a Gauntlet)

   [amulet of regeneration]

   rF:        It protects you from fire.
   rC:        It makes you vulnerable to cold.
   rPois:     It protects you from poison.
   Regen:     It increases your rate of health regeneration.
   Will:      It greatly increases your willpower.
 G - the ring "Bapor" {Wiz Str+3}
   (Xom gifted it to you on level 6 of the Lair of Beasts)

   [ring of wizardry]

   It improves your spell success rate.
   Str:       It affects your strength (+3).
 K - a ring of see invisible
Wands
 f - a wand of iceblast (20)
 k - a wand of flame (50)
 E - a wand of digging (4)
 H - a wand of acid (4)
 N - a wand of paralysis (31)
Scrolls
 b - 4 scrolls of summoning
 d - 3 scrolls of magic mapping
 h - 9 scrolls of fear
 j - 7 scrolls of enchant armour
 o - 2 scrolls of blinking
 q - 6 scrolls of fog
 u - 15 scrolls of identify
 v - a scroll of immolation
 A - 2 scrolls of silence
 J - a scroll of acquirement
 Q - 2 scrolls of holy word
 R - 10 scrolls of teleportation
Potions
 c - 9 potions of cancellation
 g - a potion of resistance
 s - 5 potions of ambrosia
 z - 6 potions of heal wounds
 B - 10 potions of brilliance
 I - 4 potions of might
 L - 11 potions of curing
 M - 2 potions of invisibility
 O - 6 potions of mutation
 S - 7 potions of haste
 T - 4 potions of magic
 W - 3 potions of berserk rage
 Z - 2 potions of lignification
Miscellaneous
 P - a lightning rod (4/4)
 X - a box of beasts
 Y - a phial of floods


   Skills:
 - Level 20.0 Fighting
 - Level 24.0 Polearms
 - Level 10.0 Armour
 - Level 20.0 Dodging
 - Level 4.0 Shields
 + Level 11.9 Evocations


You had 17 spell levels left.
You knew the following spells:

 Your Spells              Type           Power      Damage    Failure   Level
a - Apportation           Tloc           0%         N/A       56%         1

Your spell library contained the following spells:

 Spells                   Type           Power      Damage    Failure   Level
 Pain                     Necr           0%         1d4       56%         1
 Sting                    Tmut/Pois      0%         1d3       56%         1
 Summon Small Mammal      Summ           0%         N/A       56%         1
 Blink                    Tloc           N/A        N/A       71%         2
 Passwall                 Tmut/Erth      0%         N/A       71%         2
 Poisonous Vapours        Pois/Air       0%         N/A       71%         2
 Scorch                   Fire           0%         2d5       71%         2
 Call Canine Familiar     Summ           0%         N/A       90%         3
 Conjure Flame            Conj/Fire      0%         6-21      90%         3
 Dazzling Flash           Conj/Hex       0%         N/A       90%         3
 Gell's Gravitas          Tloc           0%         N/A       90%         3
 Ignite Poison            Fire/Tmut/Pois 0%         N/A       90%         3
 Inner Flame              Hex/Fire       0%         N/A       90%         3
 Lesser Beckoning         Tloc           0%         N/A       90%         3
 Summon Guardian Golem    Hex/Summ       0%         N/A       90%         3
 Swiftness                Air            0%         N/A       90%         3
 Teleport Other           Tloc           0%         N/A       90%         3
 Tukima's Dance           Hex            0%         N/A       90%         3
 Animate Dead             Necr           0%         N/A       100%        4
 Cause Fear               Hex            0%         N/A       100%        4
 Hailstorm                Conj/Ice       0%         3d3       100%        4
 Ice Form                 Ice/Tmut       0%         N/A       100%        4
 Olgreb's Toxic Radiance  Pois           0%         N/A       100%        4
 Passage of Golubria      Tloc           N/A        N/A       100%        4
 Petrify                  Tmut/Erth      0%         N/A       100%        4
 Sticky Flame             Conj/Fire      0%         2d3       100%        4
 Agony                    Necr           0%         N/A       100%        5
 Alistair's Intoxication  Tmut/Pois      0%         N/A       100%        5
 Excruciating Wounds      Necr           0%         N/A       100%        5
 Fireball                 Conj/Fire      0%         3d3       100%        5
 Manifold Assault         Tloc           0%         N/A       100%        5
 Metabolic Englaciation   Hex/Ice        0%         N/A       100%        5
 Silence                  Hex/Air        0%         N/A       100%        5
 Yara's Violent Unravell  Hex/Tmut       0%         3d3       100%        5
 Invisibility             Hex            0%         N/A       100%        6
 Simulacrum               Ice/Necr       0%         N/A       100%        6
 Statue Form              Tmut/Erth      0%         N/A       100%        6
 Haunt                    Necr/Summ      0%         N/A       100%        7
 Discord                  Hex            0%         N/A       100%        8
 Ignition                 Fire           0%         3d3       100%        8
 Infestation              Necr           0%         N/A       100%        8


Dungeon Overview and Level Annotations

Branches:
Dungeon (15/15)            Temple (0/1) D:4            Lair (6/6) D:8
  Swamp (4/4) Lair:2        Snake (4/4) Lair:3        Slime (0/5) Lair:5
    Orc (2/2) D:9             Elf (0/3) Orc:2        Vaults (0/5) D:13
 Depths (0/4) D:15         Bailey (visited)         Gauntlet (visited)

Altars:
Ashenzari
Elyvilon
Fedhas
Gozag
Kikubaaqudgha
Nemelex Xobeh
Okawaru
Qazlal
Ru
Trog
Xom
Zin
The Shining One

Shops:
D:2 [   D:4 [   D:7 :*   Orc:2 ==**=

Annotations:
D:5 3 runed translucent doors, BuzzyBeetle's ghost, novice TeAE
D:7 1 runed translucent door
D:10 2 transporters, robertstho's ghost, journeyman DjFE
D:15 3 runed translucent doors
Lair:2 3 runed translucent doors, Ruiv's ghost, journeyman GrDe
Orc:2 3 runed translucent doors, meatgazer's ghost, journeyman DsAK


Innate Abilities, Weirdness & Mutations

((You are quick and stealthy near water. (Stealth+, EV+, Speed+++)))
Your lower body shifts to a powerful aquatic tail in water.
You are partially covered in large bone plates. (SH +4)
Your skin changes colour to match your surroundings (Stealth+).
You are agile. (Dex +2)
You are dopey. (Int -2)
You passively map a small area around you.
You expend magic power (3 MP) to strengthen your wands.


Message History

A guardian serpent is nearby!
You take 1 damage, and have 99/169 hp.
A guardian serpent is nearby!
A guardian serpent is nearby!
A guardian serpent is nearby!
A guardian serpent is nearby!
A guardian serpent is nearby!
The guardian serpent casts a spell at you.
The bolt of poison hits you but does no damage.
You resist.
The guardian serpent casts a spell at you.
The guardian serpent blinks into view!
The salamander mystic blinks into view!
The nagaraja blinks into view!
The naga sharpshooter blinks into view!
The guardian serpent blinks!
You chop the naga sharpshooter into pieces!!!
The naga sharpshooter is severely wounded.
The guardian serpent coils itself and waves its upper body at you.
The bolt of poison misses you.
The bolt of poison hits the naga sharpshooter.
The guardian serpent hits you!
The naga sharpshooter shoots a bolt.
The bolt misses you.
The bolt hits the guardian serpent!!
The salamander mystic misses you.
You take 15 damage, and have 84/169 hp.
You slice the naga sharpshooter!!
You kill the naga sharpshooter!
The guardian serpent coils itself and waves its upper body at you.
You feel yourself slow down.
You block the guardian serpent's attack.
The salamander mystic hits you with a +0 dagger.
You are engulfed in flames!
The nagaraja barely misses you. The nagaraja grabs you.
The nagaraja constricts you.
You take 14 damage, and have 70/169 hp.
The nagaraja's grasp on you weakens, but your attempt to escape fails.
The guardian serpent hits you but does no damage.
The guardian serpent completely misses you.
The guardian serpent casts a spell at you.
You easily resist.
The salamander mystic hits you but does no damage.
The nagaraja gestures wildly while chanting.
The nagaraja seems to speed up.
The nagaraja constricts you.
You take 2 damage, and have 68/169 hp.
The nagaraja's grasp on you weakens, but your attempt to escape fails.
The guardian serpent hits you.
You emit a cloud of colourful smoke!
The guardian serpent misses you. The nagaraja hits you with a +0 whip!!
* * * LOW HITPOINT WARNING * * *
The nagaraja constricts you.
The salamander mystic barely misses you.
The guardian serpent coils itself and waves its upper body at you.
The guardian serpent blinks!
The guardian serpent hits you but does no damage.
The nagaraja casts a spell at you. The poison arrow hits you!
You are poisoned.
You partially resist.
* * * LOW HITPOINT WARNING * * *
The nagaraja constricts you.
The salamander mystic barely misses you.
You block the guardian serpent's attack.
You take 35 damage, and have 33/169 hp.
MASSIVE DAMAGE!!
Blink to where?
Press: ? - help, Dir - move target You escape the nagaraja's grasp.
As you read the scroll of blinking, it crumbles to dust.
You feel very sick.
The guardian serpent casts a spell at you.
The nagaraja blinks!
The guardian serpent blinks!
The salamander mystic blinks!
The guardian serpent blinks!
You take 4 damage, and have 29/169 hp.
You feel sick.
The guardian serpent casts a spell at you.
You easily resist.
The salamander mystic completely misses you.
The nagaraja spits poison at you.
The splash of poison reflects off an invisible shield around you!
Xom thinks this is hilarious!
The splash of poison hits the nagaraja.
The nagaraja is poisoned.
The guardian serpent casts a spell at you.
You easily resist.
The salamander mystic closely misses you.
The nagaraja points at you and mumbles some strange words.
The bolt of poison misses you.
There is a stone staircase leading up here.
You take 1 damage, and have 28/169 hp.
You feel sick.
The guardian serpent coils itself and waves its upper body at you.
The bolt of poison hits the guardian serpent.
The bolt of poison hits you! You resist.
* * * LOW HITPOINT WARNING * * *
The guardian serpent coils itself and waves its upper body at you.
The guardian serpent blinks! x2
The nagaraja points at you and mumbles some strange words.
The bolt of poison hits you! You resist.
* * * LOW HITPOINT WARNING * * *
The salamander mystic misses you.
The guardian serpent coils itself and waves its upper body at you.
You feel as though you will be slow longer.
The nagaraja hits you with a +0 whip!!
You die...
Xom roars with laughter!

##..#######......# ##......##
#........##...#..###........####
#.............#..##............#
#..#####.##....(...............##
#..# #.##..##..##........###...
#..#####.##..##..###......## #.##
###...#.......#..#######..####...
##..........#SS#..............#
,####.......#N@#.###..#.......# ,
##......#NS#.# #..#.####..# *
,##.....#.§§.# #..#.##.....
##.........# #..#........ *
#.....§§§.# #..#..)..... ,
#....##.### #..####.....
*#.#####..# #..# #....# , ###
.##..###..## #....# * ,
#.###.###....[.# #....#


You could see a nagaraja (fast, strong, poisoned, catching breath), a salamander
mystic (strong) and 3 guardian serpents.

Vanquished Creatures
  Jorgrun (D:13)
  Mlioglotl (Snake:3)
  Frances (Swamp:1)
  Agnes (D:14)
  4 fenstrider witches
  A shadow dragon (D:8)
  Roxanne (D:15)
  A nagaraja (Snake:2)
  3 ghouls
  Aizul (Snake:2)
  Louise (D:15)
  An ironbound preserver (D:13)
  3 very ugly things (D:15)
  A quicksilver ooze (Gauntlet)
  5 bunyips
  A minotaur (Gauntlet)
  The ghost of Feovuobo the Carver, a journeyman DsGl of Okawaru (D:15)
  2 eleionomae (Swamp:1)
  Fannar (Lair:3)
  An ettin (D:15)
  2 shambling mangroves (Swamp:4)
  4 boulder beetles
  A ghost crab (Swamp:4)
  34 hydras
  9 naga warriors
  9 anacondas
  An ogre mage (D:15)
  7 two-headed ogres
  3 centaur warriors (D:14)
  3 tengu warriors
  8 death yaks (Lair:5)
  8 alligators
  3 orc high priests (Orc:2)
  2 thrashing horrors (Abyss:3)
  A deep elf knight (Swamp:3)
  4 shock serpents
  A spriggan berserker (Swamp:3)
  6 naga sharpshooters
  A hell knight (D:15)
  A soul eater (Gauntlet)
  3 naga ritualists
  5 spriggan druids
  4 goliath frogs
  8 bog bodies
  7 swamp dragons
  A glowing orange brain (D:15)
  8 orc knights
  7 mana vipers
  A wizard (D:15)
  A large abomination (Abyss:3)
  4 deep elf pyromancers
  A deep elf zephyrmancer (D:15)
  3 lindwurms
  5 orc sorcerers (Orc:2)
  2 will-o-the-wisps (Swamp:2)
  A glowing shapeshifter (Swamp:1)
  17 ugly things
  A wolf spider (Lair:6)
  3 cyclopes
  3 centaur zombies
  8 salamanders
  2 manticores
  6 elephants
  5 naga magi
  40 black mambas
  A cane toad (shapeshifter) (D:15)
  An apocalypse crab (Gauntlet)
  4 guardian serpents
  19 cane toads
  A gargoyle (D:14)
  An unseen horror (D:11)
  3 torpor snails
  2 tengu conjurers
  6 rime drakes
  Psyche (D:8)
  2 kobold demonologists
  7 komodo dragons
  2 ancient zymes (Abyss:3)
  2 queen bees
  22 hornets
  A troll (D:14)
  11 polar bears
  11 meliai
  2 bloated husks
  9 slime creatures
  13 blink frogs
  7 tyrant leeches
  A blink frog (shapeshifter) (D:15)
  4 raiju (Lair:6)
  4 starcursed masses (Abyss:3)
  3 ynoxinuls (Abyss:3)
  2 shadows
  16 spriggans
  A vampire (D:13)
  6 wraiths
  A water elemental (Abyss:3)
  2 yaks (shapeshifter) (D:15)
  Sigmund (D:3)
  3 redbacks (Lair:6)
  40 yaks
  Eustachio (D:4)
  11 wyverns
  A wyvern (shapeshifter) (D:15)
  8 basilisks
  15 vampire mosquitoes
  2 neqoxecs (D:15)
  29 nagas
  8 wargs
  Menkaure (D:5)
  16 swamp worms
  5 acid dragons
  14 hell hounds
  27 water moccasins
  22 orc warriors
  4 ice beasts
  11 swamp drakes
  3 sky beasts
  16 black bears
  An ogre (shapeshifter) (D:15)
  A necrophage (D:4)
  7 ogres
  15 wolves
  4 boggarts (Lair:6)
  11 centaurs
  A centaur (shapeshifter) (D:13)
  2 lemures (D:7)
  3 phantoms
  4 kobold brigands
  Blork the orc (D:5)
  15 bullfrogs
  4 scorpions
  A gnoll sergeant (D:10)
  A wyvern skeleton (D:7)
  28 killer bees (Lair:5)
  6 howler monkeys
  8 wights
  6 electric eels
  A quasit (D:7)
  3 hounds (D:6)
  2 jellies
  19 orc priests
  Crazy Yiuf (D:4)
  2 centaur skeletons
  A gnoll shaman (D:9)
  Ijyb (D:4)
  Terence (D:3)
  6 iguanas
  22 orc wizards
  15 hell rats
  A small abomination (Abyss:3)
  12 gnolls
  A howler monkey zombie (D:10)
  9 adders
  4 shadow imps (Gauntlet)
  A white imp (D:6)
  2 worms
  5 dart slugs
  108 orcs
  4 endoplasms
  3 giant cockroaches
  5 goblins
  11 hobgoblins
  4 jackals (D:3)
  2 quokkas (D:1)
  5 ball pythons
  4 bats
  2 frilled lizards
  32 kobolds
  6 rats
  A plant (Lair:6)
1107 creatures vanquished.

Vanquished Creatures (collateral kills)
  Rupert (Lair:3)
  Erica (Lair:2)
  Pikel (D:7)
  A blink frog (Lair:1)
  3 yaks (Lair:1)
  An orc warrior (Bailey)
  A bullfrog (Lair:1)
  2 electric eels (Lair:2)
  A hound skeleton (D:4)
  4 orcs (Bailey)
  A goblin (D:2)
  A butterfly (Lair:1)
18 creatures vanquished.

Vanquished Creatures (others)
  A bloated husk (Swamp:1)
  A spriggan (Swamp:4)
  A hound (D:6)
  An orc wizard (Orc:2)
  A hell rat (D:15)
  An orc (Orc:2)
  A quokka (D:2)
  6 foxfires (Swamp:2)
  61 fungi
  115 plants
  A withered plant (D:8)
190 creatures vanquished.

Grand Total: 1315 creatures vanquished

Notes
Turn   | Place    | Note
-------+----------+-------------------------------------------
     0 | D:1      | SkeletonJelly the Merfolk Chaos Knight began the quest for
                  | the Orb.
     0 | D:1      | Reached XP level 1. HP: 18/18 MP: 1/1
    37 | D:1      | XOM: silly message
    41 | D:1      | XOM: divination: magic mapping
   153 | D:1      | Reached XP level 2. HP: 20/24 MP: 2/2
   266 | D:1      | Reached skill level 5 in Polearms
   321 | D:1      | XOM: silly message
   362 | D:1      | XOM: silly message
   444 | D:1      | XOM: divination: detect items
   531 | D:1      | XOM: smoke on damage
   584 | D:1      | Reached XP level 3. HP: 22/29 MP: 3/3
   666 | D:1      | XOM: noise
   820 | D:2      | XOM: snakes to sticks
   824 | D:2      | XOM: summons friendly shadow imp
   836 | D:2      | XOM: enchant monster (good)
   919 | D:2      | XOM: cast spell 'Statue Form'
   924 | D:2      | Reached XP level 4. HP: 37/37 MP: 4/4
   966 | D:2      | Reached skill level 6 in Polearms
  1015 | D:2      | Found a faded altar of an unknown god.
  1015 | D:2      | XOM: 2-stop teleportation journey
  1162 | D:2      | Found Rilosue's Antique Armour Shop.
  1336 | D:2      | XOM: 8-stop teleportation journey
  1420 | D:2      | Found an ancient bone altar of Kikubaaqudgha.
  1660 | D:3      | XOM: scenery: create altars
  1708 | D:3      | Noticed Sigmund
  1711 | D:3      | XOM: enchant monster (good)
  1717 | D:3      | Killed Sigmund
  1718 | D:3      | Reached skill level 7 in Polearms
  1718 | D:3      | Reached XP level 5. HP: 43/43 MP: 5/5
  1718 | D:3      | Reached XP level 6. HP: 50/50 MP: 6/6
  1983 | D:3      | Found a white marble altar of Elyvilon.
  2012 | D:3      | XOM: give mutation
  2012 | D:3      | Gained mutation: Your flesh is cold resistant. (rC+) [Xom's
                  | grace]
  2085 | D:3      | Reached skill level 5 in Fighting
  2085 | D:3      | Reached skill level 8 in Polearms
  2205 | D:3      | XOM: scenery: 1 doors open
  2227 | D:3      | Noticed Terence
  2235 | D:3      | Killed Terence
  2239 | D:3      | XOM: god gift: 4 javelins
  2334 | D:3      | XOM: torment (27/51 hp)
  2490 | D:4      | XOM: noise
  2495 | D:4      | Noticed Eustachio
  2517 | D:4      | XOM: enchant monster (good)
  2531 | D:4      | XOM: scenery: summon butterflies
  2531 | D:4      | XOM: smoke on damage
  2536 | D:4      | Killed Eustachio
  2537 | D:4      | Reached skill level 9 in Polearms
  2537 | D:4      | Reached XP level 7. HP: 19/56 MP: 7/7
  2748 | D:4      | XOM: summons friendly rust devil
  2819 | D:4      | Noticed Ijyb
  2846 | D:4      | Killed Ijyb
  3020 | D:4      | Reached skill level 10 in Polearms
  3129 | D:4      | Found Tomohiq's Armour Shop.
  3189 | D:4      | XOM: divination: detect items
  3278 | D:4      | Found a staircase to the Ecumenical Temple.
  3348 | D:4      | XOM: god gift: murky blue potion {god gift}
  3430 | D:4      | Found a runed translucent door.
  3431 | D:4      | Noticed Crazy Yiuf
  3565 | D:4      | Killed Crazy Yiuf
  3740 | D:4      | XOM: silly message
  3769 | D:5      | Entered Level 5 of the Dungeon
  3779 | D:5      | Reached XP level 8. HP: 5/65 MP: 8/8
  3963 | D:4      | XOM: divination: detect items
  4172 | D:5      | XOM: silly message
  4176 | D:5      | XOM: silly message
  4211 | D:4      | Reached skill level 11 in Polearms
  4434 | D:5      | XOM: 9-stop teleportation journey
  4437 | D:5      | Found a sacrificial altar of Ru.
  4499 | D:5      | XOM: 2-stop teleportation journey
  4713 | D:5      | XOM: confuse monster(s)
  4746 | D:5      | XOM: silly message
  4770 | D:5      | Found a runed translucent gate.
  4776 | D:5      | Noticed Menkaure
  4780 | D:5      | XOM: potion effect (brilliance)
  4794 | D:5      | XOM: chaos upgrade
  4797 | D:5      | Killed Menkaure
  4798 | D:5      | Reached skill level 12 in Polearms
  4813 | D:5      | XOM: chaos upgrade
  5094 | D:5      | Noticed Blork the orc
  5388 | D:5      | XOM: confusion
  5394 | D:5      | XOM: blink monster(s)
  5397 | D:5      | XOM: stat loss: -1 Int (10/11)
  5400 | D:5      | XOM: summons friendly crimson imp
  5423 | D:5      | XOM: swap monsters
  5665 | D:5      | XOM: swap monsters
  5671 | D:5      | XOM: swap monsters
  5685 | D:5      | Killed Blork the orc
  5822 | D:5      | Found a runed translucent gate.
  5822 | D:5      | Found a runed translucent gate.
  5822 | D:5      | Noticed BuzzyBeetle's ghost (novice TeAE)
  6427 | D:6      | XOM: polymorph orc -> endoplasm
  6428 | D:6      | XOM: 2-stop teleportation journey
  6437 | D:6      | XOM: chaos cloud
  6443 | D:6      | XOM: smoke on damage
  6449 | D:6      | XOM: swap monsters
  6463 | D:6      | Reached XP level 9. HP: 17/75 MP: 9/9
  6542 | D:6      | XOM: summons 5 hostile demons
  6543 | D:6      | Noticed a red devil
  6651 | D:6      | XOM: god gift: book of the Senses
  6869 | D:6      | XOM: cast spell 'Chain of Chaos'
  6896 | D:6      | XOM: summons 5 hostile demons
  6907 | D:6      | XOM: enchant monster (bad)
  7401 | D:6      | XOM: scenery: summon butterflies
  7437 | D:6      | XOM: scenery: create altars
  7545 | D:6      | Found an iron altar of Okawaru.
  7545 | D:6      | Found a bloodstained altar of Trog.
  7601 | D:6      | Found a stormy altar of Qazlal.
  7615 | D:6      | Reached skill level 10 in Fighting
  7625 | D:6      | XOM: god gift: scale mail {god gift}
  7735 | D:6      | XOM: 2-stop teleportation journey
  7986 | D:7      | Found a runed translucent door.
  7990 | D:7      | Noticed a sixfirhy
  7994 | D:7      | XOM: give mutation
  7994 | D:7      | Gained mutation: You are agile. (Dex +2) [Xom's grace]
  8041 | D:7      | XOM: give mutations
  8041 | D:7      | Gained mutation: You are frail. (-10% HP) [Xom's mischief]
  8041 | D:7      | Gained mutation: Your body sometimes deteriorates upon
                  | taking damage. [Xom's mischief]
  8041 | D:7      | Gained mutation: Your muscles are strong. (Str +2) [Xom's
                  | mischief]
  8053 | D:7      | XOM: polymorph lemure -> quasit
  8093 | D:7      | Found Zin's Purification Station.
  8093 | D:7      | Noticed Pikel
  8108 | D:7      | XOM: cast spell 'Summon Small Mammal'
  8442 | D:7      | XOM: god gift: blackened diamond ring {god gift}
  8484 | D:7      | XOM: 3-stop teleportation journey
  8516 | D:7      | Found a glowing silver altar of Zin.
  8516 | D:7      | XOM: 2-stop teleportation journey
  8522 | D:7      | XOM: summons 9 friendly demons
  8531 | D:7      | Killed Pikel
  8554 | D:7      | XOM: polymorph crimson imp -> ynoxinul
  8673 | D:7      | Found Ytucad's Book Boutique.
  9184 | D:4      | Bought a +1 buckler of protection for 198 gold pieces
  9313 | D:7      | Found a broken altar of Ashenzari.
  9325 | D:7      | Reached skill level 1 in Shields
  9608 | D:8      | XOM: cast spell 'Death Channel'
  9610 | D:8      | XOM: scenery: summon butterflies
  9620 | D:8      | Reached XP level 10. HP: 80/80 MP: 10/10
  9718 | D:8      | Reached skill level 5 in Dodging
  9909 | D:8      | Found a staircase to the Lair.
 10013 | D:8      | XOM: fog
 10024 | D:8      | XOM: summons friendly white imp
 10112 | D:8      | XOM: 3-stop teleportation journey
 10133 | D:8      | XOM: summons 1 hostile demon
 10138 | D:8      | XOM: confusion
 10140 | D:8      | XOM: cast spell 'Call Canine Familiar'
 10194 | D:8      | XOM: cast spell 'Metabolic Englaciation'
 10226 | D:8      | XOM: give mutations
 10226 | D:8      | Gained mutation: You are resistant to electric shocks.
                  | (rElec) [Xom's mischief]
 10226 | D:8      | Gained mutation: You are dopey. (Int -2) [Xom's mischief]
 10226 | D:8      | Gained mutation: You are strong-willed. (Will+) [Xom's
                  | mischief]
 10240 | D:8      | XOM: 4-stop teleportation journey
 10291 | D:7      | XOM: noise
 10486 | D:8      | XOM: cleaving
 10495 | D:8      | Reached skill level 10 in Dodging
 10558 | D:8      | Noticed Gastronok
 10558 | D:8      | XOM: noise
 10564 | D:8      | XOM: torment (41/80 hp)
 10571 | D:8      | Identified 2 scrolls of acquirement
 10571 | D:8      | Acquired the ring "Taitec" {rPois EV+4 SInv Stlth-}
 10578 | D:8      | Noticed Gastronok
 10578 | D:8      | Gastronok changed into Gastronok the shadow dragon
 10578 | D:8      | XOM: polymorph Gastronok -> Gastronok the shadow dragon
 10600 | D:9      | XOM: divination: detect items
 10685 | D:9      | XOM: give mutation
 10685 | D:9      | Gained mutation: Your movements are slightly less
                  | encumbered by armour. (ER -2) [Xom's grace]
 10800 | D:9      | XOM: 1-stop teleportation journey
 10881 | D:9      | XOM: polymorph gnoll -> adder
 10983 | D:9      | XOM: divination: detect items
 11047 | D:9      | XOM: scenery: summon butterflies
 11125 | D:9      | Found a staircase to the Orcish Mines.
 11598 | D:9      | Found a glowing golden altar of the Shining One.
 11599 | D:9      | Found a shimmering altar of Xom.
 11599 | D:9      | Noticed Maurice
 11606 | D:9      | Noticed Maurice
 11606 | D:9      | Maurice changed into Maurice the water moccasin
 11612 | D:9      | Killed Maurice the water moccasin
 11659 | D:9      | Reached XP level 11. HP: 85/85 MP: 11/11
 11894 | D:8      | Reached skill level 1 in Armour
 11901 | D:8      | XOM: cloud trail
 11943 | D:8      | XOM: butterfly on damage
 11948 | D:8      | XOM: fog
 11955 | D:8      | XOM: 1-stop teleportation journey
 11969 | D:8      | XOM: fake destruction
 11972 | D:8      | Killed Gastronok the shadow dragon
 12010 | D:8      | XOM: give mutations
 12010 | D:8      | Lost mutation: You are dopey. (Int -2) [Xom's grace]
 12010 | D:8      | Gained mutation: You are very agile. (Dex +4) [Xom's grace]
 12066 | D:8      | XOM: stat loss: -1 Str (17/18)
 12164 | D:8      | XOM: scenery: summon butterflies
 12255 | D:8      | Noticed Psyche
 12256 | D:8      | Found a blossoming altar of Fedhas.
 12268 | D:8      | XOM: summons 5 friendly demons
 12280 | D:8      | Killed Psyche
 12331 | D:8      | Found an ancient bone altar of Kikubaaqudgha.
 12362 | D:8      | XOM: 2-stop teleportation journey
 12587 | Lair:1   | Entered Level 1 of the Lair of Beasts
 12611 | Lair:1   | XOM: scenery: create altars
 12670 | Lair:1   | XOM: silly message
 12754 | Lair:1   | XOM: silly message
 12760 | Lair:1   | XOM: potion effect (brilliance)
 12768 | Lair:1   | XOM: silly message
 12783 | Lair:1   | XOM: summons 2 friendly demons
 12785 | Lair:1   | Reached skill level 5 in Armour
 12856 | Lair:1   | XOM: cleaving
 12901 | Lair:1   | XOM: cast spell 'Summon Horrible Things'
 12916 | Lair:1   | Noticed Sonja
 12922 | Lair:1   | Noticed Sonja
 12922 | Lair:1   | Sonja changed into Sonja the blink frog
 12925 | Lair:1   | Killed Sonja the blink frog
 13011 | Lair:1   | XOM: cloud trail
 13038 | Lair:1   | XOM: cast spell 'Summon Small Mammal'
 13549 | Lair:2   | XOM: stealth player
 13570 | Lair:2   | Noticed Erica
 13574 | Lair:2   | XOM: confuse monster(s)
 13585 | Lair:2   | Noticed a six-headed hydra
 13593 | Lair:2   | XOM: silly message
 13593 | Lair:2   | Killed Erica
 13594 | Lair:2   | Reached XP level 12. HP: 78/91 MP: 12/12
 13604 | Lair:1   | XOM: blink monster(s)
 13616 | Lair:1   | Killed a six-headed hydra
 13976 | Lair:2   | XOM: noise
 13987 | Lair:2   | Noticed a boulder beetle
 13994 | Lair:2   | XOM: divine lightning
 14070 | Lair:2   | XOM: fog
 14077 | Lair:2   | Killed a boulder beetle
 14108 | Lair:2   | XOM: fake destruction
 14210 | Lair:2   | XOM: fog
 14518 | Lair:2   | Found a staircase to the Swamp.
 14525 | Lair:2   | XOM: cast spell 'Summon Horrible Things'
 14612 | Lair:2   | XOM: polymorph water moccasin -> ice beast
 14636 | Lair:2   | XOM: fake destruction
 14643 | Lair:2   | XOM: divination: magic mapping
 14658 | Lair:2   | XOM: cast spell 'Leda's Liquefaction'
 15004 | Lair:2   | Found a runed translucent gate.
 15004 | Lair:2   | Found a runed translucent gate.
 15004 | Lair:2   | Found a runed translucent gate.
 15044 | Lair:2   | Noticed Ruiv's ghost (journeyman GrDe)
 15076 | Lair:2   | XOM: silly message
 15256 | Lair:3   | Noticed Rupert
 15258 | Lair:3   | XOM: confusion (+ monsters)
 15283 | Lair:3   | Acquired a +1 helmet of see invisible
 15294 | Lair:3   | Acquired the +8 bardiche "Homiq" {spect, Fly MP+9 Dex+4
                  | Stlth-}
 15461 | Lair:3   | Noticed a seven-headed hydra
 15463 | Lair:3   | XOM: divination: magic mapping
 15466 | Lair:3   | XOM: 1-stop teleportation journey
 15471 | Lair:3   | Noticed Fannar
 15478 | Lair:3   | Killed Fannar
 15559 | Lair:3   | Noticed a six-headed hydra
 15565 | Lair:3   | Killed a ten-headed hydra
 15584 | Lair:3   | XOM: summons 7 hostile demons
 15638 | Lair:3   | XOM: 3-stop teleportation journey
 15641 | Lair:3   | Reached skill level 10 in Armour
 15644 | Lair:3   | XOM: give mutations
 15644 | Lair:3   | Gained mutation: You occasionally shout uncontrollably at
                  | your foes. [Xom's mischief]
 15644 | Lair:3   | Lost mutation: You are strong-willed. (Will+) [Xom's
                  | mischief]
 15646 | Lair:3   | Reached skill level 13 in Polearms
 15691 | Lair:3   | XOM: divination: detect items
 15693 | Lair:3   | Lost mutation: Your body sometimes deteriorates upon taking
                  | damage. [potion of mutation]
 15693 | Lair:3   | Lost mutation: You are very agile. (Dex +4) [potion of
                  | mutation]
 15693 | Lair:3   | Lost mutation: Your muscles are strong. (Str +2) [potion of
                  | mutation]
 15693 | Lair:3   | Gained mutation: You expend magic power (3 MP) to
                  | strengthen your wands. [potion of mutation]
 15693 | Lair:3   | Gained mutation: You passively map a small area around you.
                  | [potion of mutation]
 15694 | Lair:3   | XOM: polymorph water moccasin -> glowing shapeshifter
 15700 | Lair:3   | Killed Rupert
 15701 | Lair:3   | Reached skill level 14 in Polearms
 15811 | Lair:3   | XOM: 1-stop teleportation journey
 15820 | Lair:3   | Reached XP level 13. HP: 97/97 MP: 13/13
 15900 | Lair:3   | XOM: give mutations
 15900 | Lair:3   | Gained mutation: You are very frail. (-20% HP) [Xom's
                  | mischief]
 15900 | Lair:3   | Gained mutation: You passively dampen the noise of your
                  | surroundings. [Xom's mischief]
 15900 | Lair:3   | Lost mutation: You are very frail. (-20% HP) [Xom's
                  | mischief]
 15901 | Lair:3   | Reached skill level 15 in Polearms
 15951 | Lair:3   | XOM: give mutations
 15951 | Lair:3   | Lost mutation: Your flesh is cold resistant. (rC+) [Xom's
                  | mischief]
 15951 | Lair:3   | Gained mutation: You passively map the area around you.
                  | [Xom's mischief]
 16465 | Lair:3   | Found a staircase to the Snake Pit.
 16794 | Lair:4   | Reached skill level 16 in Polearms
 16823 | Lair:4   | XOM: give mutations
 16823 | Lair:4   | Lost mutation: You occasionally shout uncontrollably at
                  | your foes. [Xom's mischief]
 16823 | Lair:4   | Lost mutation: You are agile. (Dex +2) [Xom's mischief]
 16823 | Lair:4   | Lost mutation: Your movements are slightly less encumbered
                  | by armour. (ER -2) [Xom's mischief]
 16823 | Lair:4   | Gained mutation: Your body sometimes deteriorates upon
                  | taking damage. [Xom's mischief]
 16824 | Lair:4   | XOM: cloud trail
 16881 | Lair:4   | XOM: scenery: summon butterflies
 17207 | Lair:4   | XOM: confuse monster(s)
 17320 | Lair:4   | Reached skill level 17 in Polearms
 17384 | Lair:4   | XOM: enchant monster (good)
 17385 | Lair:4   | XOM: swap monsters
 17391 | Lair:4   | You are sucked into a shaft and drop 2 floors!
 17391 | Lair:6   | Entered Level 6 of the Lair of Beasts
 17408 | Lair:5   | Found a gate leading to a gauntlet.
 17436 | Lair:5   | XOM: god gift: 38 gold pieces
 17450 | Gauntlet | Entered a Gauntlet
 17450 | Gauntlet | Found a transporter.
 17458 | Gauntlet | Found a transporter.
 17462 | Gauntlet | Found a transporter.
 17473 | Gauntlet | Found a transporter.
 17474 | Gauntlet | Found a transporter.
 17476 | Gauntlet | Noticed a quicksilver ooze
 17485 | Gauntlet | Found a transporter.
 17486 | Gauntlet | Found a transporter.
 17490 | Gauntlet | Found a runed translucent door.
 17491 | Gauntlet | Found a runed translucent door.
 17494 | Gauntlet | Found a transporter.
 17498 | Gauntlet | Found a transporter.
 17506 | Gauntlet | Found a transporter.
 17511 | Gauntlet | XOM: noise
 17537 | Gauntlet | Found a transporter.
 17549 | Gauntlet | Found a transporter.
 17562 | Gauntlet | Found a transporter.
 17575 | Gauntlet | Found a transporter.
 17611 | Gauntlet | XOM: blink monster(s)
 17756 | Gauntlet | Killed a quicksilver ooze
 17761 | Gauntlet | Identified the +0 pair of boots "Wech" {rN+ Int+4}
 17785 | Gauntlet | Reached skill level 18 in Polearms
 17792 | Gauntlet | Identified the amulet "Pirotam" {rPois rF+ rC- Will+++
                  | Regen+}
 17810 | Gauntlet | XOM: summons 3 friendly demons
 17995 | Gauntlet | Noticed a minotaur
 18001 | Gauntlet | Killed a minotaur
 18210 | Lair:4   | XOM: silly message
 18273 | Lair:4   | XOM: draining
 18428 | Lair:4   | XOM: summons 6 hostile demons
 18442 | Lair:4   | Got the Papyrus of the Blaze
 18686 | Lair:5   | Found a staircase to the Slime Pits.
 18689 | Lair:5   | Reached skill level 19 in Polearms
 18710 | Lair:5   | XOM: summons 7 hostile demons
 18742 | Lair:5   | XOM: summons 7 hostile demons
 18743 | Lair:5   | XOM: silly message
 19119 | Lair:5   | Reached skill level 20 in Polearms
 19119 | Lair:5   | Reached XP level 14. HP: 103/103 MP: 14/14
 19184 | Lair:5   | XOM: god gift: ring mail {god gift}
 19242 | Lair:5   | XOM: cast spell 'Summon Ice Beast'
 19350 | Lair:5   | Reached skill level 21 in Polearms
 19487 | Lair:5   | XOM: divination: magic mapping
 19497 | Lair:5   | XOM: enchant monster (bad)
 19504 | Lair:5   | XOM: stat loss: -1 Int (10/11)
 19509 | Lair:5   | XOM: fog
 19754 | Lair:5   | XOM: polymorph wyvern -> acid dragon
 19818 | Lair:5   | Reached skill level 22 in Polearms
 20471 | Lair:6   | XOM: summons 3 hostile shadow creatures
 20607 | Lair:6   | XOM: give mutations
 20607 | Lair:6   | Lost mutation: You are frail. (-10% HP) [Xom's mischief]
 20607 | Lair:6   | Lost mutation: Your body sometimes deteriorates upon taking
                  | damage. [Xom's mischief]
 20614 | Lair:6   | Reached skill level 23 in Polearms
 20711 | Lair:6   | XOM: torment (59/115 hp)
 20713 | Lair:6   | XOM: polymorph elephant -> queen bee
 20720 | Lair:6   | XOM: polymorph cane toad -> meliai
 21011 | Lair:6   | XOM: swap monsters
 21116 | Lair:6   | XOM: polymorph black bear -> sky beast
 21118 | Lair:6   | Reached skill level 24 in Polearms
 21119 | Lair:6   | XOM: confuse monster(s)
 21123 | Lair:6   | XOM: give mutations
 21123 | Lair:6   | Gained mutation: You are clumsy. (Dex -2) [Xom's mischief]
 21123 | Lair:6   | Lost mutation: You expend magic power (3 MP) to strengthen
                  | your wands. [Xom's mischief]
 21123 | Lair:6   | Lost mutation: You are clumsy. (Dex -2) [Xom's mischief]
 21123 | Lair:6   | Lost mutation: You passively map the area around you.
                  | [Xom's mischief]
 21128 | Lair:6   | Identified the ring "Bapor" {Wiz Str+3} (Xom gifted it to
                  | you on level 6 of the Lair of Beasts)
 21128 | Lair:6   | XOM: god gift: ring "Bapor" {Wiz Str+3}
 21145 | Lair:6   | Reached XP level 15. HP: 101/122 MP: 15/15
 21327 | Lair:6   | XOM: 8-stop teleportation journey
 21565 | Lair:6   | XOM: swap monsters
 21574 | Lair:6   | XOM: divination: detect items
 21674 | Lair:6   | XOM: enchant monster (bad)
 21687 | Lair:6   | XOM: summons 3 hostile shadow creatures
 22375 | Lair:6   | Identified the +6 arbalest of Patterns {elec, rElec rC++}
 22545 | D:9      | XOM: give mutations
 22545 | D:9      | Gained mutation: You are frail. (-10% HP) [Xom's mischief]
 22545 | D:9      | Gained mutation: Armour fits poorly on your strangely
                  | shaped body. [Xom's mischief]
 22549 | Orc:1    | Entered Level 1 of the Orcish Mines
 22887 | Orc:2    | Entered Level 2 of the Orcish Mines
 22887 | Orc:2    | Found Ziorud's Jewellery Emporium.
 22932 | Orc:2    | Found a runed translucent gate.
 22932 | Orc:2    | Found a runed translucent gate.
 22932 | Orc:2    | Found a runed translucent gate.
 22938 | Orc:2    | Noticed meatgazer's ghost (journeyman DsAK)
 22984 | Orc:2    | Found a staircase to the Elven Halls.
 23283 | Orc:2    | XOM: polymorph orc wizard -> hobgoblin
 23354 | Orc:2    | Reached skill level 15 in Fighting
 23524 | Orc:1    | XOM: god gift: 24 arrows
 23729 | Orc:2    | XOM: give mutations
 23729 | Orc:2    | Gained mutation: You expend magic power (3 MP) to
                  | strengthen your wands. [Xom's grace]
 23729 | Orc:2    | Lost mutation: You are frail. (-10% HP) [Xom's grace]
 23729 | Orc:2    | Gained mutation: You have sharp fingernails. [Xom's grace]
 23729 | Orc:2    | Gained mutation: Your flesh is cold resistant. (rC+) [Xom's
                  | grace]
 24123 | Orc:2    | Found Hiamatt's Assorted Antiques.
 24123 | Orc:2    | Found Ulihopt's Jewellery Boutique.
 24159 | Orc:2    | Found Ugumusche's Jewellery Emporium.
 24159 | Orc:2    | Found Taethrewk's Assorted Antiques.
 24505 | Orc:1    | XOM: scenery: summon butterflies
 24595 | D:10     | Entered Level 10 of the Dungeon
 24751 | D:10     | Found an opulent altar of Gozag.
 24777 | D:10     | XOM: scenery: summon butterflies
 24840 | D:10     | Noticed robertstho's ghost (journeyman DjFE)
 24845 | D:10     | Found a bloodstained altar of Trog.
 24856 | D:10     | Found a transporter.
 24862 | D:10     | Found a transporter.
 25113 | D:10     | XOM: noise
 25133 | D:10     | XOM: silly message
 25586 | D:11     | Acquired 499 gold pieces
 25779 | D:11     | XOM: 2-stop teleportation journey
 25850 | D:11     | XOM: silly message
 25875 | D:11     | XOM: summons 5 hostile demons
 25963 | D:11     | XOM: give mutation
 25963 | D:11     | Gained mutation: You are weak. (Str -2) [Xom's mischief]
 26131 | D:12     | XOM: swap monsters
 26400 | D:12     | XOM: summons 3 hostile shadow creatures
 26442 | D:13     | Noticed Jorgrun
 26442 | D:13     | XOM: 2-stop teleportation journey
 26446 | D:13     | Killed Jorgrun
 26532 | D:13     | XOM: polymorph 12-headed hydra -> 12-headed hydra
 26793 | D:13     | Identified the +5 trident of the Shouting Ass {vorpal, rN+}
 26831 | D:13     | XOM: 1-stop teleportation journey
 27132 | D:13     | XOM: draining
 27272 | D:13     | Found a gate to the Vaults.
 27280 | D:13     | Reached XP level 16. HP: 122/126 MP: 16/16
 27543 | D:14     | Found a flagged portal.
 27543 | D:14     | XOM: confusion (+ monsters)
 27562 | Bailey   | Entered a bailey
 27600 | Bailey   | XOM: confusion
 27715 | Bailey   | XOM: confusion
 27833 | Bailey   | XOM: scenery: 5 doors close
 27885 | Bailey   | XOM: 6-stop teleportation journey
 28230 | D:14     | XOM: smoke on damage
 28441 | D:14     | XOM is BORED!
 28441 | D:14     | XOM: silly message
 28556 | D:14     | XOM: confuse monster(s)
 28845 | D:14     | XOM is BORED!
 28845 | D:14     | XOM: summons 1 hostile demon
 28921 | D:14     | Found a sparkling altar of Nemelex Xobeh.
 28954 | D:14     | XOM: potion effect (brilliance)
 29125 | D:14     | XOM: silly message
 29142 | D:14     | Noticed Agnes
 29147 | D:14     | Killed Agnes
 29255 | D:14     | XOM: divination: magic mapping
 29310 | D:15     | Entered Level 15 of the Dungeon
 29461 | D:15     | XOM: noise
 29465 | D:15     | Found a staircase to the Depths.
 29465 | D:15     | XOM: potion effect (haste)
 29616 | D:15     | XOM: 2-stop teleportation journey
 29742 | D:15     | Noticed Roxanne
 29751 | D:15     | Killed Roxanne
 29797 | D:15     | Noticed Louise
 29797 | D:15     | Cast into level 2 of the Abyss (Louise)
 29826 | Abyss:3  | XOM: noise
 29826 | Abyss:3  | Found a corrupted altar of Lugonu.
 29883 | Abyss:3  | XOM: stat loss: -1 Dex (17/18)
 29985 | Abyss:3  | Found a corrupted altar of Lugonu.
 29993 | D:15     | Escaped the Abyss
 29994 | D:15     | XOM: chaos cloud
 29999 | D:15     | Killed Louise
 30449 | D:15     | XOM: smoke on damage
 30458 | D:15     | Reached skill level 1 in Evocations
 30459 | D:15     | XOM: noise
 30828 | D:15     | XOM: noise
 30832 | D:15     | XOM: noise
 31033 | D:15     | XOM: cast spell 'Leda's Liquefaction'
 31219 | D:15     | Found a runed translucent gate.
 31219 | D:15     | Found a runed translucent gate.
 31221 | D:15     | Found a runed translucent gate.
 31380 | D:15     | XOM: cleaving
 31384 | D:15     | XOM: divine lightning
 31390 | D:15     | XOM: scenery: 3 doors close
 31398 | D:15     | Reached skill level 5 in Evocations
 31400 | D:15     | Reached XP level 17. HP: 114/155 MP: 17/17
 31519 | D:15     | Found a runed translucent gate.
 31519 | D:15     | Found a runed translucent gate.
 31523 | D:15     | Noticed Feovuobo's ghost (journeyman DsGl)
 31525 | D:15     | Found a runed translucent gate.
 31530 | D:15     | XOM: scenery: 3 doors open
 31537 | D:15     | XOM: cleaving
 31546 | D:15     | Killed Feovuobo's ghost
 31549 | D:15     | XOM: fog
 31603 | D:15     | Learned a level 1 spell: Apportation
 31607 | D:15     | Identified the +2 hat of Prudence {rN+ Str-3 Int+2 Stlth+}
 31801 | Lair:1   | XOM: cloud trail
 31843 | Lair:2   | XOM: divination: magic mapping
 31861 | Swamp:1  | Entered Level 1 of the Swamp
 31919 | Swamp:1  | XOM: draining
 32018 | Swamp:1  | Noticed Frances
 32021 | Swamp:1  | XOM: summons 5 friendly demons
 32026 | Swamp:1  | Killed Frances
 32302 | Swamp:1  | XOM: 3-stop teleportation journey
 32428 | Swamp:1  | XOM: polymorph eleionoma -> glowing shapeshifter
 33000 | Swamp:2  | XOM: divination: magic mapping
 33192 | Swamp:2  | XOM: cloud trail
 33238 | Swamp:2  | XOM: 1-stop teleportation journey
 33265 | Swamp:2  | XOM: scenery: create altars
 33274 | Swamp:2  | XOM: enchant monster (bad)
 33865 | Swamp:3  | XOM: stealth player
 33997 | Swamp:3  | XOM: divination: magic mapping
 34018 | Swamp:3  | Reached skill level 15 in Dodging
 34088 | Swamp:3  | XOM: fog
 34143 | Swamp:3  | XOM: enchant monster (good)
 34353 | Swamp:3  | Paralysed by a fenstrider witch for 3 turns
 34380 | Swamp:3  | XOM: cloud trail
 34461 | Swamp:3  | XOM: fog
 34594 | Swamp:3  | Identified the +8 morningstar of Cheibriados's Whim {flame,
                  | rF+ rCorr MP+9}
 34653 | Swamp:4  | Entered Level 4 of the Swamp
 34777 | Swamp:4  | XOM: summons friendly quasit
 34779 | Swamp:4  | Reached XP level 18. HP: 95/162 MP: 18/18
 35062 | Swamp:4  | XOM: fog
 35107 | Swamp:4  | XOM: 4-stop teleportation journey
 35121 | Swamp:4  | XOM: summons 2 friendly demons
 35189 | Swamp:3  | XOM: cloud trail
 35191 | Swamp:4  | XOM: swap monsters
 35339 | Swamp:3  | XOM: noise
 35561 | Swamp:4  | XOM: fog
 35628 | Swamp:4  | XOM: 1-stop teleportation journey
 35762 | Swamp:4  | Paralysed by a fenstrider witch for 3 turns
 35888 | Swamp:4  | XOM: give mutations
 35888 | Swamp:4  | Gained mutation: You are dopey. (Int -2) [Xom's mischief]
 35888 | Swamp:4  | Lost mutation: You are dopey. (Int -2) [Xom's mischief]
 35971 | Swamp:4  | Got a decaying rune of Zot
 36052 | Snake:1  | Entered Level 1 of the Snake Pit
 36064 | Snake:1  | XOM: swap monsters
 36322 | Snake:1  | XOM: noise
 36333 | Snake:1  | XOM: 2-stop teleportation journey
 36546 | Snake:1  | Identified the +4 war axe "Kuig" {venom, Int+4}
 36552 | Snake:1  | XOM: silly message
 36687 | Snake:1  | XOM: destruction
 36724 | Snake:1  | XOM: 3-stop teleportation journey
 36791 | Snake:1  | Found an iron altar of Okawaru.
 37316 | Snake:1  | XOM: summons 2 hostile demons
 37683 | Snake:2  | Noticed Aizul
 37690 | Snake:2  | Killed Aizul
 37746 | Snake:2  | XOM: potion effect (haste)
 37767 | Snake:2  | XOM: enchant monster (good)
 37768 | Snake:2  | XOM: noise
 37771 | Snake:2  | XOM: confuse monster(s)
 37917 | Snake:2  | XOM: god gift: 1091 gold pieces
 38005 | Snake:2  | XOM: torment (82/162 hp)
 38376 | Snake:2  | XOM: give mutations
 38376 | Snake:2  | Lost mutation: Your flesh is cold resistant. (rC+) [Xom's
                  | mischief]
 38376 | Snake:2  | Gained mutation: Your body sometimes deteriorates upon
                  | taking damage. [Xom's mischief]
 38377 | Snake:2  | Lost mutation: You have sharp fingernails. [potion of
                  | mutation]
 38377 | Snake:2  | Lost mutation: Your body sometimes deteriorates upon taking
                  | damage. [potion of mutation]
 38377 | Snake:2  | Gained mutation: You are dopey. (Int -2) [potion of
                  | mutation]
 38377 | Snake:2  | Gained mutation: Your skin changes colour to match your
                  | surroundings (Stealth+). [potion of mutation]
 38378 | Snake:2  | Lost mutation: You are weak. (Str -2) [potion of mutation]
 38378 | Snake:2  | Lost mutation: You passively dampen the noise of your
                  | surroundings. [potion of mutation]
 38378 | Snake:2  | Gained mutation: You tend to lose your temper in combat.
                  | [potion of mutation]
 38379 | Snake:2  | Lost mutation: You tend to lose your temper in combat.
                  | [potion of mutation]
 38379 | Snake:2  | Lost mutation: You are resistant to electric shocks.
                  | (rElec) [potion of mutation]
 38379 | Snake:2  | Lost mutation: Armour fits poorly on your strangely shaped
                  | body. [potion of mutation]
 38379 | Snake:2  | Gained mutation: You are agile. (Dex +2) [potion of
                  | mutation]
 38379 | Snake:2  | Gained mutation: You are partially covered in large bone
                  | plates. (SH +4) [potion of mutation]
 38489 | Snake:2  | Reached skill level 10 in Evocations
 38489 | Snake:2  | XOM: noise
 38739 | Snake:3  | XOM: noise
 38783 | Snake:3  | XOM: confusion (+ monsters)
 38786 | Snake:3  | XOM: smoke on damage
 39181 | Snake:3  | Noticed Mlioglotl
 39192 | Snake:3  | XOM: confuse monster(s)
 39195 | Snake:3  | Killed Mlioglotl
 39221 | Snake:3  | XOM: divination: detect creatures
 39344 | Snake:3  | XOM: divination: detect items
 39540 | Snake:3  | XOM: silly message
 39559 | Snake:4  | Entered Level 4 of the Snake Pit
 39654 | Snake:4  | Reached XP level 19. HP: 165/169 MP: 19/19
 39670 | Snake:4  | XOM: noise
 39734 | Snake:4  | XOM: noise
 39786 | Snake:4  | XOM: stat loss: -1 Str (30/31)
 39902 | Snake:4  | XOM: smoke on damage
 39905 | Snake:4  | Mangled by a nagaraja

Illustrated notes

Levels and vault maps discovered:
D:1:      eino_arrival_water_cross, layout_basic,
          wander_ebering_terrifying_dragon_lair
D:2:      layout_basic, serial_shops, nicolae_shop_statue_plus, basic_altar,
          hellmonk_ecumenical_altar_lost_god, corexii_leaking_fountain
D:3:      layout_basic, nicolae_elyvilon_temple_path, uniq_sigmund, uniq_terence
D:4:      layout_basic, minmay_temple_entry_stoned_glass, serial_shops, shop,
          minivault_26, uniq_ijyb, uniq_eustachio, uniq_crazy_yiuf_cottage
D:5:      layout_basic, mainiacjoe_overflow_paths, serial_glass,
          glass_columns_b, glass_columns_c, gammafunk_ghost_split,
          water_boxes_lemuel, uniq_menkaure, uniq_blork_the_orc
D:6:      layout_loops_ring, grunt_temple_overflow_bloody_war,
          mainiacjoe_overflow_alcove_2
D:7:      cheibrodos_shockbox, layout_rooms, zin_purify, old_standard_altar,
          serial_shops, shop_fountains, uniq_pikel
D:8:      layout_loops_ring, grunt_temple_overflow_growth_and_decay,
          due_lair_maze_entry_diamond, uniq_psyche, uniq_gastronok
D:9:      layout_basic, chequers_temple_overflow_statue_of_worship,
          hiddenorc2_lemuel, uniq_maurice
D:10:     layout_basic, mainiacjoe_overflow_24_doors,
          gammafunk_ghost_wrathful_warriors
D:11:     layout_stronghold, nicolae_two_hexagons
D:12:     layout_cross
D:13:     layout_loops_ring, skrybe_vaults_entry_preservation, uniq_jorgrun
D:14:     layout_loops_ring, enter_bailey_6, nemelex_xobeh_ov_fountains_minmay,
          uniq_agnes
D:15:     hangedman_depths_entry_civil_slaughter, layout_loops_cross,
          special_room [special_room_mythical_zoo], minmay_misc_feat_plants,
          ploomutoo_gammafunk_ghost_potion_laboratory, uniq_roxanne, uniq_louise
Lair:1:   layout_hall_layers, grunt_megastairs_4, lemuel_fruit_tree,
          infiniplex_staircase_pool, lemuel_fruit_fields, uniq_sonja
Lair:2:   layout_gridlike, minmay_swamp_entry_eels, ebering_ghost_rock_garden,
          fungi_pond_lemuel, serial_bayou_shore_a, grunt_megastairs_5,
          uniq_erica
Lair:3:   layout_regular_city, minmay_snake_entry_guardpost_medium,
          serial_bayou_shore_b, uniq_rupert, uniq_fannar
Lair:4:   layout_gridlike, serial_bayou, serial_bayou_pond_e,
          serial_bayou_lake_a, serial_bayou_ford_a, serial_bayou_shore_b,
          gammafunk_lair_bear_cave
Lair:5:   regret_index_wax_grids, layout_long_grid, minmay_slime_entry_pillars,
          gauntlet_entry_generic, minivault_26
Lair:6:   hangedman_lair_tendril_chambers, layout_hall_layers,
          hangedman_lair_caniforms_friends, nicolae_volcano_entry_vermiform,
          kilobyte_rumbling_trees
Swamp:1:  layout_basic_swamp, evilmike_swamp_ruin_house_6, uniq_frances
Swamp:2:  layout_falls_marsh, evilmike_swamp_ruin_house_1
Swamp:3:  cheibrodos_swamp_heart_of_darkness, layout_basic_swamp,
          serial_swamp_ruin, evilmike_swamp_ruin_house_4,
          evilmike_swamp_ruin_wall
Swamp:4:  swamp, layout_basic_swamp
Snake:1:  layout_concentric_octagons, special_room, basic_altar
Snake:2:  layout_grid_maze, nicolae_snake_coiling_death, uniq_aizul
Snake:3:  layout_honeycomb, uniq_mlioglotl
Snake:4:  grunt_snake_rune_pools, layout_gridlike,
          hangedman_snake_wide_pillar_pass
Orc:1:    layout_diamond_mine, mines2_lemuel
Orc:2:    grunt_orc_tribal_feast, layout_diamond_mine, serial_shops,
          nicolae_shop_waterfront, maelrawn_ghost_gauntlet_escape,
          nicolae_orc_rockfall

Skill      XL: |  1  2  3  4  5  6  7  8  9 10 11 12 13 14 15 16 17 18 |
---------------+-------------------------------------------------------+-----
Dodging        | 3 4 11 12 17 20 | 20.0
Polearms       | 5 7 9 10 12 14 20 24 | 24.0
Fighting       | 4 5 6 8 12 17 20 | 20.0
Shields        | 2 4 |  4.0
Armour         | 7 10 | 10.0
Evocations     | 5 8 11 | 11.9

Action                   |  1- 3 |  4- 6 |  7- 9 | 10-12 | 13-15 | 16-18 | 19-21 || total
-------------------------+-------+-------+-------+-------+-------+-------+-------++-------
Melee: Spear             |    81 |   156 |   626 |   997 |       |       |       ||  1860
       Bardiche          |       |       |       |    42 |   748 |   830 |    17 ||  1637
Throw: Dart              |       |       |       |     1 |       |       |       ||     1
 Cast: Apportation       |       |       |       |       |       |     3 |       ||     3
Evoke: Wand              |       |     2 |    13 |    18 |       |       |       ||    33
       Phial of floods   |       |       |       |       |       |     2 |       ||     2
       Lightning rod     |       |       |       |       |       |     1 |       ||     1
  Use: Potion            |       |     4 |    10 |     6 |     5 |     5 |       ||    30
       Scroll            |       |       |     7 |     7 |    10 |    11 |     2 ||    37
 Stab: Petrified         |     1 |       |       |    12 |     2 |     1 |       ||    16
       Paralysed         |       |     3 |     2 |     8 |       |       |       ||    13
       Sleeping          |       |     1 |     1 |     2 |     1 |     1 |       ||     6
       Petrifying        |       |       |     2 |     5 |       |       |       ||     7
       Confused          |       |       |     5 |    15 |     7 |     6 |       ||    33
       Invisible         |       |       |     5 |       |       |       |       ||     5
       Distracted        |       |       |     1 |     3 |     9 |    13 |       ||    26
       Held in net/web   |       |       |       |     2 |       |       |       ||     2
Armor: Leather armour    |    13 |    21 |       |       |       |       |       ||    34
       Skin              |     1 |     3 |       |       |       |       |       ||     4
       Ring mail         |       |    17 |   138 |   101 |   119 |    92 |       ||   467
       Scale mail        |       |       |       |       |       |    78 |     7 ||    85
Dodge: Dodged            |    30 |    70 |   204 |   345 |   383 |   454 |    30 ||  1516
Block: Buckler           |       |       |     8 |   241 |       |       |       ||   249
       Reflection        |       |       |       |     5 |     6 |     9 |     3 ||    23
       Other             |       |       |       |    14 |    75 |    96 |    11 ||   196

Table legend: (Time is in decaauts)
 A = Elapsed time spent in this place.
 B = Non-inter-level travel time spent in this place.
 C = Inter-level travel time spent in this place.
 D = Time resting spent in this place.
 E = Time spent auto-exploring this place.
 F = Levels seen in this place.
 G = Mean time per level.
                   A        B        C        D        E       F      G
               +--------+--------+--------+--------+--------+-----+--------+
         Total |  38251 |  36520 |   1731 |    114 |  30202 |  35 | 1092.9 |
       Dungeon |  18286 |  17402 |    884 |    103 |  14496 |  15 | 1219.1 |
          Lair |   9022 |   8564 |    458 |      6 |   7017 |   6 | 1503.7 |
         Swamp |   3828 |   3636 |    192 |      0 |   3036 |   4 |  957.0 |
     Snake Pit |   3752 |   3631 |    121 |      0 |   3139 |   4 |  938.0 |
  Orcish Mines |   1990 |   1916 |     74 |      5 |   1592 |   2 |  995.0 |
         Abyss |    185 |    185 |      0 |      0 |     20 |   2 |   92.5 |
        Bailey |    581 |    581 |      0 |      0 |    459 |   1 |  581.0 |
      Gauntlet |    603 |    603 |      0 |      0 |    440 |   1 |  603.0 |
               +--------+--------+--------+--------+--------+-----+--------+

Top non-repeatable levels by time:
  Lair:6: 2152 daAuts
     D:4: 1887 daAuts
     D:7: 1830 daAuts
     D:5: 1785 daAuts
    D:14: 1720 daAuts
  Lair:5: 1597 daAuts
     D:6: 1591 daAuts
  Lair:3: 1567 daAuts
    D:15: 1555 daAuts
     D:8: 1343 daAuts
 Snake:2: 1315 daAuts
  Lair:2: 1314 daAuts
 Snake:1: 1301 daAuts
  Lair:1: 1248 daAuts
 Swamp:3: 1217 daAuts
